 Seeded DCSS version 0.30-a0-824-g6c64550be9 (webtiles) character file.

Game seed: 9545873883287505910 (custom seed)

40 hikkokomori the Chopper (level 3, 0/28 (31) HPs)
             Began as a Hill Orc Reaver on Feb 28, 2023.
             Was an Initiate of Vehumet.
             Succumbed to an adder's poison
             ... on level 2 of the Dungeon.
             The game lasted 00:02:28 (1610 turns).

hikkokomori the Chopper (Hill Orc Reaver)           Turns: 1610, Time: 00:02:28

HP:   0/28 (31)     AC:  4    Str: 16    XL:     3   Next: 50%
MP:   5/5           EV: 11    Int: 13    God:    Vehumet [......]
Gold: 98            SH:  0    Dex:  9    Spells: 4/5 levels left

rFire   . . .      SeeInvis .    a - +0 hand axe
rCold   . . .      Faith    .    (no shield)
rNeg    . . .      Spirit   .    b - +0 leather armour
rPois   .          Reflect  .    (no helmet)
rElec   .          Harm     .    (no cloak)
rCorr   +          Rampage  .    (no gloves)
Will    .....                    k - +0 pair of boots
Stlth   +                        (no amulet)
HPRegen 0.24/turn                g - ring of resist corrosion
MPRegen 0.09/turn                (no ring)

@: mighty, lethally poisoned (0 -> -7), flying, drained
A: no striking features
a: Renounce Religion


You were on level 2 of the Dungeon.
You worshipped Vehumet.
Vehumet was noncommittal.
You visited 2 branches of the dungeon, and saw 5 of its levels.

You collected 98 gold pieces.

Inventory:

Hand Weapons
 a - a +0 hand axe (weapon)
Armour
 b - a +0 leather armour (worn)
 k - a +0 pair of boots (worn)
Jewellery
 c - an amulet of faith
 g - a ring of resist corrosion (left hand)
Scrolls
 d - a scroll of amnesia {unknown}
 e - 2 scrolls of identify {unknown}
 j - a scroll of vulnerability {unknown}
 m - a scroll of acquirement {unknown}
Potions
 h - a potion of brilliance {unknown}
 i - 2 potions of curing {unknown}


   Skills:
 + Level 3.6 Fighting
 + Level 5.0 Axes
 - Level 1.6 Dodging
 - Level 1.6 Spellcasting
 - Level 3.0 Conjurations


You had 4 spell levels left.
You knew the following spells:

 Your Spells              Type           Power      Damage    Failure   Level
a - Kiss of Death         Conj/Necr      16%        2d6       19%         1

Your spell library contained the following spells:

 Spells                   Type           Power      Damage    Failure   Level
 Foxfire                  Conj/Fire      16%        2x1d4     19%         1
 Momentum Strike          Conj/Tloc      8%         3d8       26%         2
 Freeze                   Ice            4%         1d3       32%         1
 Lesser Beckoning         Tloc           2%         N/A       45%         2
 Hailstorm                Conj/Ice       4%         3d4       47%         3
 Mephitic Cloud           Conj/Pois/Air  3%         N/A       54%         3
 Frozen Ramparts          Ice            2%         1d1       69%         3
 Gell's Gravitas          Tloc           1%         N/A       69%         3
 Teleport Other           Tloc           1%         N/A       69%         3
 Flame Wave               Conj/Fire      4%         2d5       87%         4
 Lightning Bolt           Conj/Air       2%         1d13      99%         5


Dungeon Overview and Level Annotations

Branches:
Dungeon (4/15)             Temple (1/1) D:4

Altars:
Ashenzari
Cheibriados
Dithmenos
Elyvilon
Fedhas
Gozag
Hepliaklqana
Kikubaaqudgha
Makhleb
Nemelex Xobeh
Qazlal
Ru
Sif Muna
Trog
Vehumet
Wu Jian
Yredelemnul
Zin
The Shining One

Shops:
D:2 [


Message History

You are too injured to fight recklessly!
You are too injured to fight recklessly!
You are too injured to fight recklessly!
You are too injured to fight recklessly!
You are too injured to fight recklessly!
You barely miss the adder.
The adder is moderately wounded.
The adder barely misses you.
You hit the adder.
The adder is heavily wounded.
The adder bites you but does no damage.
You hit the adder.
The adder is heavily wounded.
The adder bites you but does no damage. The adder bites you.
You closely miss the adder.
The adder is heavily wounded.
The adder barely misses you.
You barely miss the adder.
The adder is heavily wounded.
The adder bites you but does no damage.
You closely miss the adder.
The adder is heavily wounded.
The adder bites you.
* * * LOW HITPOINT WARNING * * *
You are poisoned.
The adder poisons you! The adder misses you.
You barely miss the adder.
The adder is heavily wounded.
You feel sick. The adder bites you.
* * * LOW HITPOINT WARNING * * *
You are more poisoned.
The adder poisons you!
It was a potion of flight.
You feel very buoyant.
You fly up into the air.
* * * LOW HITPOINT WARNING * * *
You feel sick. The adder barely misses you.
It was a potion of might.
You feel very mighty all of a sudden.
You die...

######...#.#
##..#..... .. # #..#
###. .. . #.†# #. .#
.# ##..#####.# .##.##
##.........##.....
##.....#####.....
##....∩.<## #.#S##
#........†###.@..###
+.........'...........
#.........###...[#####
##.......## #...##
##.....## ###.#
##...## .# ##+## .# .#


You could see an adder.

Vanquished Creatures
  A worm (D:2)
  2 ball pythons
  2 bats
  3 endoplasms
  2 giant cockroaches
  4 hobgoblins
  4 jackals (D:1)
  3 quokkas
  2 frilled lizards
  3 goblins (D:1)
  5 kobolds
  2 rats
33 creatures vanquished.

Notes
Turn   | Place    | Note
-------+----------+-------------------------------------------
     0 | D:1      | hikkokomori the Hill Orc Reaver began the quest for the
                  | Orb.
     0 | D:1      | Reached XP level 1. HP: 18/18 MP: 3/3
    48 | D:1      | Got the Vellum of the Eleven Servitors
   225 | D:1      | Reached XP level 2. HP: 18/25 MP: 4/4
   302 | D:1      | Found a faded altar of an unknown god.
   877 | D:2      | You fall into a shaft and drop 2 floors!
   909 | D:4      | Reached XP level 3. HP: 26/26 MP: 5/5
   929 | D:4      | Found a staircase to the Ecumenical Temple.
   955 | Temple   | Entered the Ecumenical Temple
   989 | Temple   | Became a worshipper of Vehumet
  1421 | D:2      | Found Talekk's Armour Shoppe.
  1529 | D:2      | Reached skill level 5 in Axes
  1609 | D:2      | HP: 1/28 [poisoned by an adder]
  1610 | D:2      | Succumbed to an adder's poison

Illustrated notes

Levels and vault maps discovered:
D:1:      doesnt_arrival_eight_statues, layout_loops_ring,
          ebering_ecumenical_altar_petrified
D:2:      layout_loops_corners, serial_shops, shop
D:3:      layout_basic
D:4:      layout_rooms, mainiacjoe_overflow_large_starburst,
          minmay_temple_entry_offerings, serial_shops, shop_statue,
          amethyst_killhole, supply_closet_lemuel
Temple:   hellmonk_temple_of_storms

Skill      XL: |  1  2  3 |
---------------+----------+-----
Fighting       | 3 |  3.6
Axes           | 5 |  5.0
Dodging        | |  1.6
Spellcasting   | |  1.6
Conjurations   | |  3.0

Action                     || total
---------------------------++-------
  Melee: Hand axe          ||   128
         Punch             ||     1
   Cast: Kiss of Death     ||     1
    Use: Potion            ||     2
 Armour: Leather armour    ||    28
  Dodge: Dodged            ||    85

Table legend: (Time is in decaauts)
 A = Elapsed time spent in this place.
 B = Non-inter-level travel time spent in this place.
 C = Inter-level travel time spent in this place.
 D = Time resting spent in this place.
 E = Time spent auto-exploring this place.
 F = Levels seen in this place.
 G = Mean time per level.
                   A        B        C        D        E       F      G
               +--------+--------+--------+--------+--------+-----+--------+
         Total |   1618 |   1538 |     80 |     76 |   1098 |   5 |  323.6 |
       Dungeon |   1564 |   1484 |     80 |     76 |   1093 |   4 |  391.0 |
        Temple |     53 |     53 |      0 |      0 |      5 |   1 |   53.0 |
               +--------+--------+--------+--------+--------+-----+--------+

Top non-repeatable levels by time:
     D:1: 874 daAuts
     D:2: 477 daAuts
     D:3: 127 daAuts
     D:4: 86 daAuts
  Temple: 53 daAuts
